[ AOE2 MATCH · #479972098 ]
UnrankedDravidians vs Italians
[ REPLAY ANALYSIS · EXTRACTED FROM THE RECORDED GAME ]
Feudal
—
Castle
—
Imperial
—
| APM avg | 19.8 |
| APM peak | 42 |
| eAPM avg | 10.4 |
| Villagers / military | 126 / 38 |
Focus
⚔️ 21.2% · 🌾 78.8%
Spearman ×28 · Trade Cart ×24 · Skirmisher ×8 · Monk ×2
Feudal
12:31
Castle
16:51
Imperial
32:54
| APM avg | 26.0 |
| APM peak | 69 |
| eAPM avg | 9.8 |
| Villagers / military | 78 / 148 |
Focus
⚔️ 21.3% · 🌾 78.7%
Skirmisher ×76 · Hand Cannoneer ×37 · Genoese Crossbowman ×20 · Bombard Cannon ×6 · Trebuchet (Packed) ×4 · Monk ×3
Feudal
14:43
Castle
—
Imperial
—
| APM avg | 2.6 |
| APM peak | 11 |
| eAPM avg | 2.2 |
| Villagers / military | 26 / 0 |
Focus
⚔️ 1.4% · 🌾 98.6%
Feudal
14:26
Castle
18:19
Imperial
32:49
| APM avg | 22.0 |
| APM peak | 49 |
| eAPM avg | 12.9 |
| Villagers / military | 129 / 14 |
Focus
⚔️ 15.4% · 🌾 84.6%
Unknown (882) ×64 · Mangonel ×8 · Trade Cart ×7 · Trebuchet (Packed) ×4 · Monk ×2
Feudal
—
Castle
—
Imperial
—
| APM avg | 10.5 |
| APM peak | 28 |
| eAPM avg | 7.0 |
| Villagers / military | 54 / 64 |
Focus
⚔️ 36.4% · 🌾 63.6%
Longbowman ×28 · Spearman ×18 · Knight ×16 · Trade Cart ×6 · Battering Ram ×2
Feudal
15:05
Castle
19:16
Imperial
32:07
| APM avg | 10.0 |
| APM peak | 26 |
| eAPM avg | 7.4 |
| Villagers / military | 60 / 72 |
Focus
⚔️ 34.3% · 🌾 65.7%
Longbowman ×50 · Knight ×17 · Monk ×2 · Trebuchet (Packed) ×2 · Spearman ×1
Match map
Initial resources + every placement click. Lines = walls · curves = elevation contours. ◆ gold · ⬟ stone · ● berries · ✦ relic · ◌ wall gap
Your base· ✓ Closed at 21:42 · 65t walls · 2 gate(s)
Geiler_Dorsch's base· ✓ Closed at 16:51 · 1t walls · 3 gate(s)
scrappernewman's base· Open — 10t gap
Axolotl's base· ✓ Closed at 18:19 · 0t walls · 2 gate(s) · fragile
LoadedStriker13's base· ✓ Closed at 23:57 · 43t walls · 4 gate(s)
BummiKrachmann's base· ✓ Closed at 19:16 · 0t walls · 2 gate(s) · fragile
Smoothed initial terrain · ◌ = detected wall gap · hover for details
Inputs per minute
— Dr Mortis9843 - - Geiler_Dorsch
Build order — Dr Mortis9843
First 150 of 345 actions detected
| 0:07 | Build | House |
| 0:09 | Create | Villager (Male) |
| 0:10 | Create | Villager (Male) |
| 0:10 | Create | Villager (Male) |
| 0:10 | Create | Villager (Male) |
| 0:10 | Create | Villager (Male) |
| 0:12 | Research | Loom |
| 2:15 | Create | Villager (Male) |
| 2:15 | Create | Villager (Male) |
| 2:15 | Create | Villager (Male) |
| 2:15 | Create | Villager (Male) |
| 3:00 | Create | Villager (Male) |
| 3:00 | Create | Villager (Male) |
| 3:01 | Create | Villager (Male) |
| 3:10 | Build | House |
| 3:58 | Create | Villager (Male) |
| 3:58 | Create | Villager (Male) |
| 3:58 | Create | Villager (Male) |
| 4:20 | Build | Lumber Camp |
| 4:50 | Create | Villager (Male) |
| 4:51 | Create | Villager (Male) |
| 4:51 | Create | Villager (Male) |
| 5:21 | Build | House |
| 5:32 | Build | House |
| 6:11 | Create | Villager (Male) |
| 6:11 | Create | Villager (Male) |
| 6:38 | Create | Villager (Male) |
| 6:38 | Create | Villager (Male) |
| 6:38 | Create | Villager (Male) |
| 7:27 | Create | Villager (Male) |
| 7:42 | Create | Villager (Male) |
| 7:42 | Create | Villager (Male) |
| 7:42 | Create | Villager (Male) |
| 7:43 | Create | Villager (Male) |
| 8:00 | Build | Mill |
| 9:02 | Build | Mining Camp |
| 9:20 | Create | Villager (Male) |
| 9:50 | Research | Feudal Age |
| 9:55 | Build | Mill |
| 10:31 | Build | House |
| 10:32 | Build | House |
| 10:33 | Build | House |
| 10:35 | Build | House |
| 11:24 | Build | Farm |
| 11:25 | Build | Farm |
| 11:27 | Build | Farm |
| 11:30 | Build | Farm |
| 12:19 | Research | Town Watch |
| 12:20 | Research | Wheelbarrow |
| 12:21 | Create | Villager (Male) |
| 12:46 | Build | Stone Wall |
| 13:32 | Build | Farm |
| 13:34 | Build | Farm |
| 13:36 | Build | Farm |
| 13:38 | Build | Farm |
| 13:40 | Build | Farm |
| 13:46 | Create | Villager (Male) |
| 13:46 | Create | Villager (Male) |
| 13:46 | Create | Villager (Male) |
| 13:46 | Create | Villager (Male) |
| 13:46 | Create | Villager (Male) |
| 13:58 | Research | Double-Bit Axe |
| 14:41 | Build | Mining Camp |
| 14:44 | Create | Villager (Male) |
| 14:44 | Create | Villager (Male) |
| 14:56 | Build | Farm |
| 15:02 | Research | Horse Collar |
| 15:25 | Build | House |
| 15:27 | Build | House |
| 15:33 | Build | House |
| 15:37 | Create | Villager (Male) |
| 15:37 | Create | Villager (Male) |
| 15:38 | Create | Villager (Male) |
| 15:48 | Build | Farm |
| 15:51 | Create | Villager (Male) |
| 15:51 | Create | Villager (Male) |
| 16:12 | Create | Villager (Male) |
| 16:37 | Research | Gold Mining |
| 16:42 | Build | Farm |
| 17:02 | Research | Stone Mining |
| 17:15 | Build | Farm |
| 17:47 | Build | Farm |
| 17:56 | Create | Villager (Male) |
| 17:56 | Create | Villager (Male) |
| 17:56 | Create | Villager (Male) |
| 17:56 | Create | Villager (Male) |
| 17:57 | Create | Villager (Male) |
| 18:28 | Build | Farm |
| 18:34 | Create | Villager (Male) |
| 18:37 | Create | Villager (Male) |
| 18:37 | Create | Villager (Male) |
| 18:55 | Build | Market |
| 19:18 | Build | Stone Wall |
| 20:08 | Build | Farm |
| 20:16 | Create | Villager (Male) |
| 20:38 | Build | Farm |
| 20:51 | Build | Blacksmith |
| 21:32 | Build | Farm |
| 21:37 | Build | Farm |
| 21:40 | Create | Villager (Male) |
| 21:42 | Research | Castle Age |
| 21:53 | Build | Barracks |
| 21:55 | Build | Barracks |
| 23:24 | Research | Forging |
| 23:24 | Research | Scale Barding Armor |
| 23:28 | Create | Villager (Male) |
| 23:36 | Research | Man-at-Arms (upgrade) |
| 23:36 | Research | Arson |
| 23:57 | Create | Spearman |
| 23:57 | Create | Spearman |
| 23:57 | Create | Spearman |
| 23:57 | Create | Spearman |
| 23:57 | Create | Spearman |
| 23:57 | Create | Spearman |
| 23:58 | Create | Spearman |
| 23:58 | Create | Spearman |
| 24:39 | Create | Trade Cart |
| 24:39 | Create | Trade Cart |
| 24:40 | Create | Trade Cart |
| 24:40 | Create | Trade Cart |
| 24:40 | Create | Trade Cart |
| 24:40 | Create | Trade Cart |
| 24:40 | Create | Trade Cart |
| 24:41 | Create | Trade Cart |
| 24:41 | Create | Trade Cart |
| 24:41 | Create | Trade Cart |
| 24:56 | Build | Town Center |
| 25:09 | Create | Villager (Male) |
| 25:09 | Create | Villager (Male) |
| 25:23 | Build | Farm |
| 25:27 | Research | Town Patrol |
| 25:42 | Build | Farm |
| 25:57 | Research | Bow Saw |
| 26:10 | Build | Farm |
| 26:28 | Build | Farm |
| 27:17 | Create | Villager (Male) |
| 27:18 | Create | Villager (Male) |
| 27:18 | Create | Villager (Male) |
| 27:18 | Create | Villager (Male) |
| 27:18 | Create | Villager (Male) |
| 27:19 | Create | Villager (Male) |
| 27:19 | Create | Villager (Male) |
| 27:20 | Create | Villager (Male) |
| 27:20 | Create | Villager (Male) |
| 27:20 | Create | Villager (Male) |
| 27:21 | Create | Villager (Male) |
| 27:21 | Create | Villager (Male) |
| 27:31 | Build | Castle |
| 27:42 | Build | Monastery |
| 28:01 | Create | Villager (Male) |
Build order — Geiler_Dorsch
First 150 of 224 actions detected
| 0:03 | Build | House |
| 0:04 | Build | House |
| 0:05 | Create | Villager (Male) |
| 0:05 | Create | Villager (Male) |
| 0:05 | Create | Villager (Male) |
| 0:34 | Create | Villager (Male) |
| 0:34 | Create | Villager (Male) |
| 1:49 | Build | Lumber Camp |
| 1:56 | Create | Villager (Male) |
| 1:56 | Create | Villager (Male) |
| 2:12 | Create | Villager (Male) |
| 2:13 | Create | Villager (Male) |
| 2:41 | Create | Villager (Male) |
| 3:19 | Build | House |
| 3:25 | Create | Villager (Male) |
| 3:25 | Create | Villager (Male) |
| 4:28 | Build | Mill |
| 4:29 | Create | Villager (Male) |
| 4:29 | Create | Villager (Male) |
| 4:29 | Create | Villager (Male) |
| 6:02 | Create | Villager (Male) |
| 6:02 | Create | Villager (Male) |
| 6:07 | Create | Villager (Male) |
| 6:59 | Create | Villager (Male) |
| 7:22 | Create | Villager (Male) |
| 7:40 | Create | Villager (Male) |
| 7:50 | Build | House |
| 7:51 | Build | House |
| 7:59 | Create | Villager (Male) |
| 8:18 | Create | Villager (Male) |
| 8:18 | Create | Villager (Male) |
| 8:47 | Build | Farm |
| 9:02 | Create | Villager (Male) |
| 9:21 | Build | Farm |
| 9:26 | Research | Feudal Age |
| 9:55 | Build | Farm |
| 9:58 | Build | Mining Camp |
| 10:30 | Build | Lumber Camp |
| 11:59 | Create | Villager (Male) |
| 12:00 | Create | Villager (Male) |
| 12:16 | Build | Barracks |
| 12:24 | Build | House |
| 12:31 | Age | Feudal Age |
| 12:37 | Build | Blacksmith |
| 12:41 | Create | Villager (Male) |
| 12:49 | Research | Horse Collar |
| 13:15 | Build | Market |
| 13:20 | Create | Villager (Male) |
| 13:24 | Build | Farm |
| 13:38 | Build | Farm |
| 14:04 | Build | Farm |
| 14:09 | Research | Castle Age |
| 14:16 | Build | House |
| 14:22 | Build | Farm |
| 14:44 | Build | Palisade Wall |
| 14:48 | Build | Palisade Gate |
| 14:52 | Build | House |
| 15:00 | Create | Villager (Male) |
| 15:16 | Create | Spearman |
| 15:16 | Create | Spearman |
| 15:25 | Build | Farm |
| 15:54 | Build | House |
| 15:55 | Build | House |
| 16:39 | Create | Villager (Male) |
| 16:51 | Age | Castle Age |
| 16:57 | Build | Monastery |
| 17:49 | Build | Town Center |
| 17:55 | Create | Villager (Male) |
| 17:55 | Create | Villager (Male) |
| 18:03 | Create | Villager (Male) |
| 18:03 | Create | Villager (Male) |
| 18:12 | Build | University |
| 18:22 | Build | Farm |
| 18:29 | Research | Double-Bit Axe |
| 18:55 | Create | Monk |
| 18:56 | Create | Monk |
| 19:13 | Build | Mining Camp |
| 19:18 | Create | Villager (Male) |
| 19:33 | Create | Villager (Male) |
| 19:34 | Create | Villager (Male) |
| 19:34 | Create | Villager (Male) |
| 19:34 | Create | Villager (Male) |
| 19:36 | Create | Villager (Male) |
| 20:03 | Build | Archery Range |
| 20:04 | Build | Archery Range |
| 20:06 | Create | Villager (Male) |
| 20:06 | Create | Villager (Male) |
| 20:07 | Create | Villager (Male) |
| 20:16 | Build | Farm |
| 20:36 | Build | Farm |
| 20:48 | Create | Villager (Male) |
| 20:48 | Create | Villager (Male) |
| 20:48 | Create | Villager (Male) |
| 20:54 | Create | Monk |
| 21:09 | Research | Wheelbarrow |
| 21:22 | Build | Farm |
| 21:25 | Build | Farm |
| 21:42 | Build | Farm |
| 21:52 | Build | Farm |
| 22:45 | Build | House |
| 22:46 | Build | House |
| 22:47 | Build | House |
| 22:48 | Build | House |
| 22:57 | Create | Villager (Male) |
| 22:58 | Create | Villager (Male) |
| 23:08 | Research | Heavy Plow |
| 23:30 | Build | Farm |
| 23:31 | Create | Villager (Male) |
| 23:31 | Create | Villager (Male) |
| 23:43 | Research | Bow Saw |
| 24:02 | Create | Skirmisher ×5 |
| 24:03 | Create | Skirmisher ×5 |
| 24:03 | Create | Skirmisher ×5 |
| 24:14 | Build | Farm |
| 24:24 | Build | Farm |
| 24:30 | Create | Villager (Male) |
| 24:31 | Create | Villager (Male) |
| 24:43 | Build | House |
| 24:44 | Build | House |
| 24:49 | Create | Villager (Male) |
| 24:50 | Create | Villager (Male) |
| 24:58 | Research | Elite Skirmisher (upgrade) |
| 25:06 | Research | Fletching |
| 25:08 | Research | Padded Archer Armor |
| 25:33 | Create | Villager (Male) |
| 25:37 | Create | Villager (Male) |
| 25:51 | Research | Thumb Ring |
| 25:57 | Research | Bodkin Arrow |
| 26:52 | Create | Villager (Male) |
| 26:52 | Create | Villager (Male) |
| 27:08 | Build | Farm |
| 27:12 | Build | Farm |
| 27:25 | Build | House |
| 27:39 | Create | Villager (Male) |
| 27:39 | Create | Villager (Male) |
| 27:39 | Create | Villager (Male) |
| 27:41 | Create | Villager (Male) |
| 27:41 | Create | Villager (Male) |
| 27:41 | Create | Villager (Male) |
| 27:49 | Research | Ballistics |
| 27:54 | Research | Leather Archer Armor |
| 28:06 | Build | Archery Range |
| 28:07 | Build | Archery Range |
| 28:18 | Build | Town Center |
| 28:48 | Build | Farm |
| 28:52 | Create | Villager (Male) |
| 29:09 | Build | Archery Range |
| 29:14 | Create | Villager (Male) |
| 29:14 | Create | Villager (Male) |
| 29:15 | Create | Villager (Male) |
Build order — scrappernewman
51 actions detected in the replay
| 0:14 | Build | House |
| 0:24 | Create | Villager (Male) |
| 0:25 | Create | Villager (Male) |
| 0:51 | Build | House |
| 1:01 | Create | Villager (Male) |
| 1:28 | Create | Villager (Male) |
| 1:28 | Create | Villager (Male) |
| 2:16 | Create | Villager (Male) |
| 2:47 | Create | Villager (Male) |
| 3:04 | Build | Mill |
| 3:27 | Create | Villager (Male) |
| 3:59 | Create | Villager (Male) |
| 4:20 | Create | Villager (Male) |
| 4:35 | Create | Villager (Male) |
| 5:02 | Build | House |
| 5:15 | Create | Villager (Male) |
| 5:26 | Build | Lumber Camp |
| 5:46 | Build | House |
| 5:59 | Create | Villager (Male) |
| 6:00 | Create | Villager (Male) |
| 6:20 | Build | House |
| 7:02 | Build | House |
| 7:13 | Create | Villager (Male) |
| 7:13 | Create | Villager (Male) |
| 7:58 | Create | Villager (Male) |
| 7:59 | Create | Villager (Male) |
| 8:41 | Build | Mining Camp |
| 8:57 | Build | House |
| 9:14 | Build | Farm |
| 9:26 | Create | Villager (Male) |
| 9:27 | Create | Villager (Male) |
| 9:39 | Build | House |
| 10:13 | Research | Loom |
| 10:49 | Create | Villager (Male) |
| 10:49 | Create | Villager (Male) |
| 12:06 | Build | Barracks |
| 12:33 | Research | Feudal Age |
| 12:53 | Build | Mining Camp |
| 13:13 | Build | Farm |
| 14:18 | Build | Farm |
| 14:26 | Build | Farm |
| 14:32 | Build | Farm |
| 14:43 | Age | Feudal Age |
| 14:47 | Build | Farm |
| 15:00 | Build | Lumber Camp |
| 15:22 | Build | Farm |
| 15:44 | Research | Horse Collar |
| 16:05 | Create | Villager (Male) |
| 16:05 | Create | Villager (Male) |
| 16:06 | Create | Villager (Male) |
| 16:06 | Create | Villager (Male) |
Build order — Axolotl
First 150 of 308 actions detected
| 0:03 | Build | House |
| 0:07 | Build | House |
| 0:12 | Create | Villager (Male) |
| 0:12 | Create | Villager (Male) |
| 0:13 | Create | Villager (Male) |
| 1:07 | Create | Villager (Male) |
| 1:08 | Create | Villager (Male) |
| 1:50 | Create | Villager (Male) |
| 2:28 | Build | Lumber Camp |
| 2:31 | Create | Villager (Male) |
| 2:31 | Create | Villager (Male) |
| 2:56 | Create | Villager (Male) |
| 4:21 | Create | Villager (Male) |
| 4:22 | Create | Villager (Male) |
| 4:22 | Create | Villager (Male) |
| 4:41 | Build | House |
| 5:04 | Create | Villager (Male) |
| 5:29 | Create | Villager (Male) |
| 5:29 | Create | Villager (Male) |
| 6:40 | Create | Villager (Male) |
| 6:59 | Build | Mill |
| 7:11 | Create | Villager (Male) |
| 7:12 | Create | Villager (Male) |
| 7:54 | Create | Villager (Male) |
| 8:15 | Research | Loom |
| 9:28 | Create | Villager (Male) |
| 9:28 | Create | Villager (Male) |
| 9:35 | Build | House |
| 10:15 | Create | Villager (Male) |
| 10:21 | Build | Mining Camp |
| 10:51 | Create | Villager (Male) |
| 10:56 | Create | Villager (Male) |
| 12:16 | Research | Feudal Age |
| 13:19 | Build | House |
| 14:26 | Age | Feudal Age |
| 14:29 | Build | Blacksmith |
| 14:34 | Build | Barracks |
| 14:48 | Build | Market |
| 14:57 | Research | Horse Collar |
| 15:00 | Research | Double-Bit Axe |
| 15:07 | Create | Villager (Male) |
| 15:07 | Create | Villager (Male) |
| 15:07 | Create | Villager (Male) |
| 15:19 | Build | Farm |
| 15:19 | Build | Farm |
| 15:19 | Build | Farm |
| 15:20 | Build | Farm |
| 15:38 | Research | Castle Age |
| 15:50 | Build | Farm |
| 15:50 | Build | Farm |
| 15:50 | Build | Farm |
| 15:50 | Build | Farm |
| 16:07 | Build | Farm |
| 16:07 | Build | Farm |
| 16:07 | Build | Farm |
| 16:08 | Build | Farm |
| 16:08 | Build | Farm |
| 16:08 | Build | Farm |
| 16:08 | Build | Farm |
| 16:08 | Build | Farm |
| 16:31 | Build | Farm |
| 16:32 | Build | Farm |
| 16:32 | Build | Farm |
| 16:32 | Build | Farm |
| 16:32 | Build | Farm |
| 18:19 | Age | Castle Age |
| 18:25 | Build | Town Center |
| 18:58 | Create | Villager (Male) |
| 18:59 | Create | Villager (Male) |
| 18:59 | Create | Villager (Male) |
| 19:26 | Build | Town Center |
| 19:33 | Create | Villager (Male) |
| 19:33 | Create | Villager (Male) |
| 19:33 | Create | Villager (Male) |
| 19:48 | Research | Bow Saw |
| 20:08 | Create | Villager (Male) |
| 20:08 | Create | Villager (Male) |
| 20:14 | Create | Villager (Male) |
| 20:19 | Build | Farm |
| 20:19 | Build | Farm |
| 20:19 | Build | Farm |
| 20:20 | Build | Farm |
| 20:23 | Build | Farm |
| 20:36 | Create | Villager (Male) |
| 20:36 | Create | Villager (Male) |
| 20:55 | Build | House |
| 21:07 | Research | Wheelbarrow |
| 21:12 | Create | Villager (Male) |
| 21:12 | Create | Villager (Male) |
| 21:12 | Create | Villager (Male) |
| 21:12 | Create | Villager (Male) |
| 21:13 | Create | Villager (Male) |
| 21:13 | Create | Villager (Male) |
| 21:19 | Create | Villager (Male) |
| 21:19 | Create | Villager (Male) |
| 21:49 | Build | House |
| 21:50 | Build | House |
| 21:51 | Build | House |
| 21:53 | Build | House |
| 21:54 | Build | House |
| 21:55 | Build | House |
| 21:56 | Build | House |
| 21:57 | Build | House |
| 21:58 | Build | House |
| 21:59 | Build | House |
| 22:00 | Build | House |
| 22:28 | Build | Monastery |
| 22:32 | Build | University |
| 22:38 | Create | Villager (Male) |
| 22:38 | Create | Villager (Male) |
| 22:38 | Create | Villager (Male) |
| 22:38 | Create | Villager (Male) |
| 22:39 | Create | Villager (Male) |
| 23:10 | Build | Mining Camp |
| 23:16 | Create | Monk |
| 23:17 | Create | Monk |
| 23:51 | Create | Villager (Male) |
| 24:39 | Build | Farm |
| 24:39 | Build | Farm |
| 24:39 | Build | Farm |
| 24:40 | Build | Farm |
| 24:40 | Build | Farm |
| 24:40 | Build | Farm |
| 24:40 | Build | Farm |
| 24:40 | Build | Farm |
| 24:57 | Build | Farm |
| 25:03 | Build | Farm |
| 25:09 | Build | Farm |
| 25:13 | Build | Farm |
| 25:53 | Create | Villager (Male) |
| 25:53 | Create | Villager (Male) |
| 25:53 | Create | Villager (Male) |
| 25:54 | Create | Villager (Male) |
| 25:54 | Create | Villager (Male) |
| 25:56 | Create | Villager (Male) |
| 25:57 | Create | Villager (Male) |
| 26:04 | Create | Villager (Male) |
| 26:42 | Create | Villager (Male) |
| 26:43 | Create | Villager (Male) |
| 26:43 | Create | Villager (Male) |
| 26:46 | Create | Villager (Male) |
| 27:10 | Build | House |
| 27:12 | Build | House |
| 27:13 | Build | House |
| 27:14 | Build | House |
| 27:15 | Build | House |
| 27:16 | Build | House |
| 27:18 | Build | House |
| 27:19 | Build | House |
| 27:20 | Build | House |
Build order — LoadedStriker13
First 150 of 220 actions detected
| 0:17 | Build | House |
| 0:17 | Build | House |
| 0:18 | Build | House |
| 0:24 | Build | House |
| 0:33 | Create | Villager (Male) |
| 0:33 | Create | Villager (Male) |
| 0:33 | Create | Villager (Male) |
| 0:34 | Create | Villager (Male) |
| 1:47 | Create | Villager (Male) |
| 3:27 | Create | Villager (Male) |
| 3:28 | Create | Villager (Male) |
| 3:28 | Create | Villager (Male) |
| 3:28 | Create | Villager (Male) |
| 3:29 | Create | Villager (Male) |
| 6:01 | Create | Villager (Male) |
| 6:01 | Create | Villager (Male) |
| 6:01 | Create | Villager (Male) |
| 6:02 | Create | Villager (Male) |
| 6:28 | Create | Villager (Male) |
| 7:31 | Build | Mill |
| 8:21 | Build | Lumber Camp |
| 8:35 | Build | Mining Camp |
| 9:53 | Research | Feudal Age |
| 9:55 | Research | Loom |
| 10:16 | Create | Villager (Male) |
| 10:16 | Create | Villager (Male) |
| 10:16 | Create | Villager (Male) |
| 10:16 | Create | Villager (Male) |
| 10:17 | Create | Villager (Male) |
| 12:04 | Research | Double-Bit Axe |
| 12:30 | Build | Stone Wall |
| 13:20 | Build | Stone Wall |
| 13:29 | Build | Stone Wall |
| 13:35 | Build | Gate |
| 13:43 | Build | Stone Wall |
| 13:52 | Build | Gate |
| 14:10 | Research | Wheelbarrow |
| 14:11 | Create | Villager (Male) |
| 14:11 | Create | Villager (Male) |
| 14:40 | Build | Farm |
| 15:29 | Create | Villager (Male) |
| 15:30 | Create | Villager (Male) |
| 15:41 | Build | House |
| 15:42 | Build | House |
| 15:45 | Build | House |
| 15:49 | Build | House |
| 16:07 | Research | Horse Collar |
| 16:53 | Create | Villager (Male) |
| 16:53 | Create | Villager (Male) |
| 16:53 | Create | Villager (Male) |
| 16:54 | Create | Villager (Male) |
| 16:54 | Create | Villager (Male) |
| 17:57 | Build | Farm |
| 18:01 | Build | Farm |
| 18:06 | Build | Farm |
| 18:10 | Build | Farm |
| 19:00 | Build | Farm |
| 19:03 | Build | Farm |
| 19:08 | Build | Farm |
| 19:15 | Build | Farm |
| 19:20 | Build | Farm |
| 19:32 | Build | Farm |
| 19:35 | Build | Farm |
| 19:45 | Build | Farm |
| 20:04 | Create | Villager (Male) |
| 20:05 | Create | Villager (Male) |
| 21:36 | Build | Blacksmith |
| 22:14 | Build | House |
| 22:14 | Build | House |
| 22:15 | Build | House |
| 22:18 | Build | House |
| 22:19 | Build | House |
| 22:22 | Build | House |
| 22:41 | Build | Market |
| 22:51 | Research | Padded Archer Armor |
| 22:52 | Research | Fletching |
| 23:11 | Research | Stone Mining |
| 23:14 | Research | Gold Mining |
| 23:27 | Research | Scale Mail Armor |
| 23:27 | Research | Forging |
| 23:57 | Research | Castle Age |
| 24:04 | Build | Barracks |
| 24:12 | Build | Barracks |
| 24:25 | Create | Villager (Male) |
| 24:25 | Create | Villager (Male) |
| 24:26 | Create | Villager (Male) |
| 24:26 | Create | Villager (Male) |
| 25:03 | Create | Trade Cart |
| 25:03 | Create | Trade Cart |
| 25:04 | Create | Trade Cart |
| 25:04 | Create | Trade Cart |
| 25:32 | Create | Trade Cart |
| 25:42 | Research | Arson |
| 26:38 | Build | Watch Tower |
| 27:05 | Build | Watch Tower |
| 27:18 | Create | Trade Cart |
| 27:19 | Research | Caravan |
| 28:10 | Build | Castle |
| 28:24 | Build | Lumber Camp |
| 28:38 | Build | Archery Range |
| 28:51 | Build | Farm |
| 28:58 | Create | Villager (Male) |
| 28:58 | Create | Villager (Male) |
| 28:58 | Create | Villager (Male) |
| 28:59 | Create | Villager (Male) |
| 28:59 | Create | Villager (Male) |
| 28:59 | Create | Villager (Male) |
| 28:59 | Create | Villager (Male) |
| 29:00 | Create | Villager (Male) |
| 29:00 | Create | Villager (Male) |
| 29:00 | Create | Villager (Male) |
| 29:07 | Create | Villager (Male) |
| 29:26 | Build | University |
| 29:42 | Build | Farm |
| 30:18 | Build | Farm |
| 30:41 | Research | Crossbowman (upgrade) |
| 31:24 | Research | Bow Saw |
| 31:32 | Research | Gold Shaft Mining |
| 31:46 | Build | Watch Tower |
| 31:54 | Build | Watch Tower |
| 32:07 | Build | Archery Range |
| 32:21 | Build | Farm |
| 32:27 | Build | Farm |
| 32:33 | Build | Farm |
| 33:10 | Research | Hand Cart |
| 33:11 | Create | Villager (Male) |
| 33:11 | Create | Villager (Male) |
| 33:11 | Create | Villager (Male) |
| 33:11 | Create | Villager (Male) |
| 33:12 | Create | Villager (Male) |
| 33:12 | Create | Villager (Male) |
| 33:12 | Create | Villager (Male) |
| 33:13 | Create | Villager (Male) |
| 33:40 | Build | Mining Camp |
| 34:31 | Research | Fortified Wall (upgrade) |
| 34:33 | Research | Guard Tower (upgrade) |
| 36:13 | Create | Longbowman |
| 36:13 | Create | Longbowman |
| 36:13 | Create | Longbowman |
| 36:14 | Create | Longbowman |
| 36:14 | Create | Longbowman |
| 36:14 | Create | Longbowman |
| 36:15 | Create | Longbowman |
| 36:15 | Create | Longbowman |
| 36:19 | Research | Pikeman (upgrade) |
| 36:19 | Create | Spearman |
| 36:20 | Create | Spearman |
| 36:21 | Research | Gambesons |
| 36:22 | Create | Spearman |
| 36:22 | Create | Spearman |
Build order — BummiKrachmann
First 150 of 210 actions detected
| 0:06 | Build | House |
| 0:08 | Build | House |
| 0:09 | Create | Villager (Male) |
| 0:10 | Create | Villager (Male) |
| 0:10 | Create | Villager (Male) |
| 0:10 | Create | Villager (Male) |
| 0:10 | Create | Villager (Male) |
| 1:31 | Build | Lumber Camp |
| 2:45 | Create | Villager (Male) |
| 2:45 | Create | Villager (Male) |
| 2:54 | Create | Villager (Male) |
| 2:55 | Create | Villager (Male) |
| 2:55 | Create | Villager (Male) |
| 4:12 | Build | House |
| 5:02 | Create | Villager (Male) |
| 5:02 | Create | Villager (Male) |
| 5:03 | Create | Villager (Male) |
| 5:03 | Create | Villager (Male) |
| 5:03 | Create | Villager (Male) |
| 7:16 | Build | Mill |
| 7:20 | Create | Villager (Male) |
| 7:21 | Create | Villager (Male) |
| 7:21 | Create | Villager (Male) |
| 7:21 | Create | Villager (Male) |
| 7:22 | Create | Villager (Male) |
| 7:22 | Create | Villager (Male) |
| 7:22 | Create | Villager (Male) |
| 7:51 | Build | House |
| 8:14 | Build | Mining Camp |
| 8:45 | Create | Villager (Male) |
| 8:46 | Create | Villager (Male) |
| 8:46 | Create | Villager (Male) |
| 8:56 | Build | House |
| 9:01 | Build | House |
| 11:16 | Create | Villager (Male) |
| 11:16 | Create | Villager (Male) |
| 11:17 | Create | Villager (Male) |
| 11:34 | Build | House |
| 11:43 | Build | House |
| 12:02 | Build | Farm |
| 12:03 | Build | Farm |
| 12:06 | Build | Farm |
| 12:10 | Build | Farm |
| 12:13 | Build | Farm |
| 12:18 | Build | Farm |
| 12:55 | Research | Feudal Age |
| 13:24 | Build | Farm |
| 13:25 | Build | Farm |
| 14:30 | Build | Farm |
| 15:05 | Age | Feudal Age |
| 15:11 | Build | Market |
| 15:22 | Build | Blacksmith |
| 16:36 | Research | Castle Age |
| 16:45 | Create | Villager (Male) |
| 16:45 | Create | Villager (Male) |
| 16:46 | Create | Villager (Male) |
| 16:46 | Create | Villager (Male) |
| 17:02 | Build | Mining Camp |
| 17:14 | Research | Horse Collar |
| 17:45 | Research | Loom |
| 18:34 | Build | Farm |
| 18:39 | Build | Farm |
| 18:40 | Build | Farm |
| 19:16 | Age | Castle Age |
| 19:23 | Build | Town Center |
| 20:02 | Build | Town Center |
| 20:15 | Research | Double-Bit Axe |
| 20:43 | Create | Villager (Male) |
| 20:43 | Create | Villager (Male) |
| 20:44 | Create | Villager (Male) |
| 20:44 | Create | Villager (Male) |
| 20:44 | Create | Villager (Male) |
| 20:45 | Create | Villager (Male) |
| 20:47 | Create | Villager (Male) |
| 20:48 | Research | Wheelbarrow |
| 21:44 | Build | Barracks |
| 22:24 | Build | Monastery |
| 22:36 | Create | Villager (Male) |
| 22:37 | Create | Villager (Male) |
| 22:37 | Create | Villager (Male) |
| 22:37 | Create | Villager (Male) |
| 22:37 | Create | Villager (Male) |
| 22:39 | Create | Villager (Male) |
| 22:39 | Create | Villager (Male) |
| 22:39 | Create | Villager (Male) |
| 22:51 | Create | Villager (Male) |
| 23:27 | Create | Monk |
| 23:59 | Build | Farm |
| 24:03 | Build | Farm |
| 24:06 | Build | Farm |
| 24:10 | Build | Farm |
| 24:17 | Build | Farm |
| 25:00 | Create | Villager (Male) |
| 25:01 | Create | Villager (Male) |
| 25:02 | Create | Villager (Male) |
| 25:13 | Build | House |
| 25:15 | Build | House |
| 25:17 | Build | House |
| 25:18 | Build | House |
| 25:20 | Build | House |
| 25:22 | Build | House |
| 25:24 | Build | House |
| 25:25 | Build | House |
| 26:16 | Create | Monk |
| 26:24 | Create | Spearman |
| 27:10 | Build | Castle |
| 28:01 | Research | Town Watch |
| 28:02 | Research | Hand Cart |
| 28:23 | Build | Stable |
| 28:32 | Build | Stable |
| 28:35 | Build | Stable |
| 28:54 | Research | Imperial Age |
| 29:02 | Research | Hand Cart |
| 29:02 | Research | Town Patrol |
| 29:54 | Create | Villager (Male) |
| 29:54 | Create | Villager (Male) |
| 29:54 | Create | Villager (Male) |
| 29:55 | Create | Villager (Male) |
| 29:55 | Create | Villager (Male) |
| 29:55 | Create | Villager (Male) |
| 29:55 | Create | Villager (Male) |
| 29:56 | Create | Villager (Male) |
| 29:56 | Create | Villager (Male) |
| 30:28 | Build | Farm |
| 30:29 | Build | Farm |
| 30:33 | Build | Farm |
| 30:35 | Build | Farm |
| 30:36 | Build | Farm |
| 30:40 | Build | Farm |
| 31:02 | Create | Longbowman |
| 31:03 | Create | Longbowman |
| 31:03 | Create | Longbowman |
| 31:03 | Create | Longbowman |
| 31:03 | Create | Longbowman |
| 31:04 | Create | Longbowman |
| 31:04 | Create | Longbowman |
| 31:04 | Create | Longbowman |
| 31:04 | Create | Longbowman |
| 31:05 | Create | Longbowman |
| 31:05 | Create | Longbowman |
| 31:44 | Build | Farm |
| 32:07 | Age | Imperial Age |
| 33:08 | Research | Cavalier (upgrade) |
| 33:43 | Create | Longbowman |
| 33:43 | Create | Longbowman |
| 33:43 | Create | Longbowman |
| 33:44 | Create | Longbowman |
| 33:44 | Create | Longbowman |
| 33:44 | Create | Longbowman |
| 33:44 | Create | Longbowman |
Match timeline
| 12:06 | scrappernewman · first_building Barracks |
| 12:16 | Geiler_Dorsch · first_building Barracks |
| 12:30 | LoadedStriker13 · wall_segment Stone Wall x19 |
| 12:31 | Geiler_Dorsch · age_up feudal |
| 12:46 | Dr Mortis9843 · wall_segment Stone Wall x32 |
| 13:20 | LoadedStriker13 · wall_segment Stone Wall x6 |
| 13:29 | LoadedStriker13 · wall_segment Stone Wall x3 |
| 13:43 | LoadedStriker13 · wall_segment Stone Wall x19 |
| 14:26 | Axolotl · age_up feudal |
| 14:34 | Axolotl · first_building Barracks |
| 14:43 | scrappernewman · age_up feudal |
| 14:44 | Geiler_Dorsch · wall_segment Palisade Wall x1 |
| 15:05 | BummiKrachmann · age_up feudal |
| 16:51 | Geiler_Dorsch · age_up castle |
| 16:57 | Geiler_Dorsch · first_building Monastery |
| 17:19 | scrappernewman · resign |
| 18:19 | Axolotl · age_up castle |
| 19:16 | BummiKrachmann · age_up castle |
| 19:18 | Dr Mortis9843 · wall_segment Stone Wall x33 |
| 20:03 | Geiler_Dorsch · first_building Archery Range |
| 21:44 | BummiKrachmann · first_building Barracks |
| 21:53 | Dr Mortis9843 · first_building Barracks |
| 22:24 | BummiKrachmann · first_building Monastery |
| 22:28 | Axolotl · first_building Monastery |
| 24:04 | LoadedStriker13 · first_building Barracks |
| 26:48 | BummiKrachmann · first_market_buy 100 food |
| 26:56 | BummiKrachmann · first_market_sell 100 stone |
| 27:10 | BummiKrachmann · first_building Castle |
| 27:31 | Dr Mortis9843 · first_building Castle |
| 27:42 | Dr Mortis9843 · first_building Monastery |
| 28:10 | LoadedStriker13 · first_building Castle |
| 28:23 | BummiKrachmann · first_building Stable |
| 28:38 | LoadedStriker13 · first_building Archery Range |
| 30:56 | Dr Mortis9843 · wall_segment Stone Wall x35 |
| 31:12 | LoadedStriker13 · first_market_sell 100 food |
| 31:18 | LoadedStriker13 · first_market_buy 100 wood |
| 32:02 | Geiler_Dorsch · first_building Castle |
| 32:07 | BummiKrachmann · age_up imperial |
| 32:49 | Axolotl · age_up imperial |
| 32:54 | Geiler_Dorsch · age_up imperial |
| 34:33 | Axolotl · first_building Castle |
| 34:45 | Geiler_Dorsch · first_building Siege Workshop |
| 35:38 | Axolotl · first_building Siege Workshop |
| 36:10 | Dr Mortis9843 · first_building Archery Range |
| 36:16 | Dr Mortis9843 · first_building Stable |
| 37:21 | LoadedStriker13 · first_building Siege Workshop |
| 38:42 | LoadedStriker13 · first_building Stable |
| 39:17 | Dr Mortis9843 · first_building Siege Workshop |
| 40:44 | Dr Mortis9843 · wall_segment Stone Wall x28 |
[ AI ANALYSIS · 1 CREDIT ]
What really happened in this match?
Wolo.gg analyzes every decision: build order, eco, micro, common mistakes by bracket. Personalized analysis on WhatsApp or Discord in 30 seconds.
Civ guide
Dravidians
Perfil
Jugador #22902736